 Dungeon Crawl Stone Soup version 0.31-a0-237-g2d982f9f85 (webtiles) character file.

Game seed: 16320320529878460761

91 qw the Shooter (level 4, 0/26 HPs)
             Began as a Gargoyle Hexslinger on July 11, 2023.
             Slain by an iguana (1 damage)
             ... on level 3 of the Dungeon.
             The game lasted 00:00:40 (2817 turns).

qw the Shooter (Gargoyle Hexslinger)                Turns: 2817, Time: 00:00:41

Health: 0/26       AC:  8    Str: 11    XL:     4   Next: 57%
Magic:  5/5        EV: 11    Int: 14    God:
Gold:   77         SH:  0    Dex: 14    Spells: 4/5 levels left

rFire   . . .        Y - +2 sling
rCold   . . .        (no shield)
rNeg    + . .        a - +2 leather armour {Will+}
rPois   inf          (no helmet)
rElec   +            (no cloak)
rCorr   .            (no gloves)
SInv    .            (no boots)
Will    +....        (no amulet)
Stlth   +            (no ring)
HPRegen 0.24/turn    (no ring)
MPRegen 0.09/turn

%: no passive effects
@: about to teleport
A: sickness immunity, AC +3, negative energy resistance 1, electricity
resistance, torment resistance 1, petrification resistance
a: no special abilities


You were on level 3 of the Dungeon.
You visited 1 branch of the dungeon, and saw 4 of its levels.

You collected 77 gold pieces.


Innate Abilities, Weirdness & Mutations

You are immune to sickness and miasma.
Your stone body is resilient. (AC +3)
You are immune to poison.
You resist negative energy. (rN+)
You are resistant to electric shocks. (rElec)
You are resistant to unholy torment.
You are immune to petrification.


   Skills:
 - Level 2.1 Fighting
 + Level 4.3 Ranged Weapons
 - Level 1.5 Dodging
 - Level 1.0 Spellcasting
 - Level 2.6 Hexes


You had 4 spell levels left.
You knew the following spells:

 Your Spells              Type           Power      Damage    Failure   Level
a - Slow                  Hex            32%        N/A       12%         1

Your spell library contained the following spells:

 Spells                   Type           Power      Damage    Failure   Level
 Inner Flame              Hex/Fire       4%         N/A       52%         3
 Portal Projectile        Hex/Tloc       8%         N/A       52%         3
 Cause Fear               Hex            4%         N/A       75%         4

Inventory:

Hand Weapons
 Y - a +2 sling (weapon)
Armour
 a - a +2 leather armour of willpower (worn)
Scrolls
 b - a scroll of teleportation
 h - a scroll of identify
Potions
 c - a potion of heal wounds {unknown}
 f - a potion of enlightenment
 k - a potion of curing

Dungeon Overview and Level Annotations

Branches:
Dungeon (4/15)
 Temple: D:4-7

Altars:
Cheibriados

Shops:
D:2 :

Annotations:
D:2 1 runed translucent door, Crazy Yiuf
D:3 1 runed translucent door, qw's ghost, amateur GrHs


Message History

Where to? (* - list waypoints, Enter - D:3, ? - help)
What level of the Dungeon? (default 1, ? - help)
There is an open door here.
There is a stone staircase leading down here.
You climb downwards.
Found 11 gold pieces.
There is a stone staircase leading up here.
An iguana is nearby!
Waypoint 3 assigned to D:4.
You shoot a sling bullet. The sling bullet hits the iguana.
The iguana hisses angrily.
The iguana is lightly wounded.
You shoot a sling bullet. The sling bullet hits the iguana.
The iguana is moderately wounded.
You hear a shout!
You shoot a sling bullet. The sling bullet hits the iguana!
The iguana is severely wounded.
The iguana bites you!
2811 ||| STAIRDANCE The iguana bites you.
You climb upwards.
Level annotation: 1 runed translucent door, qw's ghost, amateur GrHs
There is a stone staircase leading down here.
You shoot a sling bullet. The sling bullet hits the iguana.
The iguana is severely wounded.
The iguana bites you but does no damage.
You shoot a sling bullet.
The sling bullet barely misses the iguana.
The iguana closely misses you. The iguana barely misses you.
You shoot a sling bullet. The sling bullet hits the iguana.
The iguana is almost dead.
The iguana bites you!
2816 ||| READING 2 scrolls of teleportation.
As you read the scroll of teleportation, it crumbles to dust.
You feel strangely unstable. The iguana bites you.
You shoot a sling bullet. The sling bullet hits the iguana.
The iguana is almost dead.
The iguana bites you.
You die...

#######
###############......
#...@.........#......
#.##l.............^..
#.##..........#......
#.##......%...#..)...
#.##..........#......
#.##..........#......
#.##..........#######
#.##......#####
#.#######..#


You could see an iguana.

Vanquished Creatures
  Terence (D:2)
  2 adders (D:2)
  A worm (D:3)
  A dart slug (D:3)
  5 ball pythons
  2 bats
  6 endoplasms
  2 giant cockroaches
  4 goblins (D:3)
  2 hobgoblins
  4 jackals (D:3)
  2 frilled lizards
  5 kobolds
  2 rats
39 creatures vanquished.

Notes
Turn   | Place    | Note
-------+----------+-------------------------------------------
     0 | D:1      | qw the Gargoyle Hexslinger began the quest for the Orb.
     0 | D:1      | Reached XP level 1. HP: 12/12 MP: 2/2
     0 | D:1      | 0 ||| qw: Version: 0.3-a-52-g30416fa
     0 | D:1      | 0 ||| qw: Game counter: 5402
     0 | D:1      | 0 ||| qw: Melee chars always use a shield: true
     0 | D:1      | 0 ||| qw: God list: Okawaru
     0 | D:1      | 0 ||| qw: Allow faded altars: false
     0 | D:1      | 0 ||| qw: Do Orc after clearing Dungeon:15 true
     0 | D:1      | 0 ||| qw: Do second Lair branch before Depths: true
     0 | D:1      | 0 ||| qw: Lair rune preference: random
     0 | D:1      | 0 ||| qw: Goals: Normal
     0 | D:1      | 0 ||| PLANNING D:1-11
   277 | D:1      | Reached XP level 2. HP: 16/16 MP: 3/3
   458 | D:1      | Reached skill level 3 in Ranged Weapons
   887 | D:1      | 887 ||| UPGRADING to +0 leather armour.
   897 | D:1      | 897 ||| DROPPING +0 robe.
   898 | D:1      | 898 ||| READING scroll labelled TIDGHISSOATT.
   899 | D:1      | 899 ||| READING scroll labelled HUTAYW XUNULUL.
   900 | D:1      | 900 ||| READING 2 scrolls labelled DEANASIESI.
   901 | D:1      | 901 ||| READING scroll labelled WUFERENK TOIBB.
   906 | D:1      | 906 ||| DROPPING scroll of poison.
  1004 | D:2      | Reached XP level 3. HP: 17/21 MP: 4/4
  1206 | D:2      | Found a snail-covered altar of Cheibriados.
  1359 | D:2      | Found Gotwotew's Book Shop.
  1448 | D:2      | Found a runed translucent door.
  1449 | D:2      | Noticed Crazy Yiuf
  1522 | D:2      | Noticed Terence
  1532 | D:2      | Killed Terence
  1533 | D:2      | Reached XP level 4. HP: 14/26 MP: 5/5
  2007 | D:2      | 2007 ||| UPGRADING to +2 leather armour of willpower.
  2017 | D:2      | 2017 ||| DROPPING +0 leather armour.
  2018 | D:2      | 2018 ||| DRINKING 2 white potions.
  2019 | D:2      | 2019 ||| READING 4 scrolls of identify.
  2019 | D:2      | 2019 ||| IDENTIFYING dark potion
  2020 | D:2      | 2020 ||| READING 3 scrolls of identify.
  2020 | D:2      | 2020 ||| IDENTIFYING fuming black potion
  2021 | D:2      | 2021 ||| READING 2 scrolls of identify.
  2021 | D:2      | 2021 ||| IDENTIFYING lumpy blue potion
  2022 | D:2      | 2022 ||| DROPPING potion of brilliance.
  2023 | D:2      | 2023 ||| DROPPING potion of degeneration.
  2157 | D:3      | Reached skill level 4 in Ranged Weapons
  2384 | D:3      | Found a runed translucent door.
  2385 | D:3      | Noticed qw's ghost (amateur GrHs)
  2811 | D:4      | 2811 ||| STAIRDANCE
  2815 | D:3      | HP: 4/26 [iguana (11)]
  2816 | D:3      | 2816 ||| READING 2 scrolls of teleportation.
  2816 | D:3      | HP: 1/26 [iguana (3)]
  2817 | D:3      | Slain by an iguana

Levels and vault maps discovered:
D:1:      sevenhm_arrival_forest_fort_small_5, layout_loops_corners
D:2:      layout_loops_corners, serial_shops, shop, basic_altar, uniq_terence,
          uniq_crazy_yiuf_cottage
D:3:      layout_basic, ebering_ghost_sewer_d
D:4:      layout_basic, mainiacjoe_overflow_small_starburst

Skill      XL: |  1  2  3  4 |
---------------+-------------+-----
Ranged Weapons | 3 4 |  4.3
Fighting       | 2 |  2.1
Dodging        | |  1.5
Spellcasting   | |  1.0
Hexes          | |  2.6

Action                     |  1- 3 |  4- 6 || total
---------------------------+-------+-------++-------
   Fire: Sling             |    86 |    39 ||   125
    Use: Scroll            |     4 |     4 ||     8
         Potion            |       |     1 ||     1
 Armour: Leather armour    |    10 |     4 ||    14
  Dodge: Dodged            |    29 |     3 ||    32

Table legend:
 A = Non-vault XP
 B = Vault XP
 C = Vault XP percentage of total XP
 D = Non-vault monster count
 E = Vault monster count
 F = Vault count percentage of total count
                 A         B        C        D         E       F
            +---------+---------+-------+---------+---------+-------
      Total |      94 |      36 |  27.7 |      38 |       1 |   2.6
            +---------+---------+-------+---------+---------+-------
        D:1 |      25 |       0 |   0.0 |      14 |       0 |   0.0
        D:2 |      35 |      36 |  50.7 |       8 |       1 |  11.1
        D:3 |      34 |       0 |   0.0 |      16 |       0 |   0.0
            +---------+---------+-------+---------+---------+-------
